WCHLSIM.com - West Coast Hockey League
html PUBLIC "-//W3C//DTD XHTML 1.0 Transitional//EN" "http://www.w3.org/TR/xhtml1/DTD/xhtml1-transitional.dtd"> WCHL - Game 165 - BANFF WOLVES vs ANAHEIM OUTLAWS

BANFF WOLVES vs ANAHEIM OUTLAWS

Created - 6 novembre 2021 at 18:45

Goals
1 2 3 T
BANFF WOLVES 1 0 2 3
ANAHEIM OUTLAWS 1 1 0 2
Shots
1 2 3 T
BANFF WOLVES 14 12 14 40
ANAHEIM OUTLAWS 9 8 12 29

1st period

1. BANFF WOLVES , Alex Tuch 5 (Brady Tkachuk 4, Nazem Kadri 6) at 7:37
2. ANAHEIM OUTLAWS , Evgeny Kuznetsov 2 (Sam Bennett 4, Haydn Fleury 2) at 8:11

Penalties :
Rocco Grimaldi (ANA) for Cross-checking (Minor) at 2:40

2nd period

3. ANAHEIM OUTLAWS , Jordan Staal 3 (Morgan Rielly 4, Nikolai Knyzhov 2) at 3:04

Penalties :
Mathew Dumba (BAN) for Roughing (Minor) at 6:34, Kevin Fiala (ANA) for Hooking (Minor) at 11:19, Esa Lindell (BAN) for Hooking (Minor) at 15:46

3rd period

4. BANFF WOLVES , Alex Tuch 6 (Nazem Kadri 7, Brady Tkachuk 5) at 11:28
5. BANFF WOLVES , Nazem Kadri 3 (Brady Tkachuk 6, Alex Tuch 10) at 18:53

Penalties :
No Penalty

Goalie Stats

Ilya Samsonov (BAN), 27 saves from 29 shots - (0,931), W, 2-1-0, 60:00 minutes
Robin Lehner (ANA), 37 saves from 40 shots - (0,925), L, 0-1-1, 59:07 minutes

Players Stats for BANFF WOLVES

Player Name              G  A  P  +/- PIM S  H  SB GA TA FO     MP     PP MP  PK MP  
------------------------------------------------------------------------------------
Alex Tuch                2  1  3   3  0   6  0  0  0  0  0/0    19:08   2:36   0:18 
Brady Tkachuk            0  3  3   3  0   4  2  1  0  0  0/1    18:50   2:36   0:00 
Brandon Carlo            0  0  0   0  0   1  5  0  0  0  0/0    17:33   0:00   1:29 
Craig Smith              0  0  0  -1  0   3  0  1  0  0  1/1    18:02   1:50   1:32 
Esa Lindell              0  0  0  -1  2   0  3  1  0  0  0/0    19:30   0:00   1:20 
Jack Eichel              0  0  0   0  0   6  0  0  0  0  13/24  18:26   2:36   0:00 
Joel Kiviranta           0  0  0  -1  0   1  1  0  0  0  0/0     5:20   0:00   0:00 
Kevin Labanc             0  0  0   0  0   2  2  0  0  0  0/0    17:12   1:22   0:00 
Logan O'Connor           0  0  0  -1  0   2  0  0  0  0  0/1     7:28   0:00   2:08 
Mathew Dumba             0  0  0   2  2   2  1  2  0  0  0/0    21:26   2:08   1:30 
Mats Zuccarello          0  0  0   0  0   5  1  0  0  0  1/2    18:44   1:22   1:32 
Miro Heiskanen           0  0  0   2  0   0  0  0  0  0  0/0    22:40   1:50   3:01 
Nazem Kadri              1  2  3   3  0   5  0  0  0  0  19/28  20:02   1:22   2:26 
Nick Cousins             0  0  0  -1  0   0  0  0  0  0  5/18   14:40   0:00   0:00 
Philippe Myers           0  0  0   0  0   0  1  3  0  0  0/0    16:04   0:00   0:00 
Phillip DiGiuseppe       0  0  0  -1  0   2  0  0  0  0  0/3    14:40   0:00   0:00 
Ryan Suter               0  0  0  -1  0   1  1  1  0  0  0/0    20:55   2:08   0:36 
Tanner Kero              0  0  0  -1  0   0  0  0  0  0  1/6     5:20   0:00   0:00 

Players Stats for ANAHEIM OUTLAWS

Player Name              G  A  P  +/- PIM S  H  SB GA TA FO     MP     PP MP  PK MP  
------------------------------------------------------------------------------------
Adrian Kempe             0  0  0  -1  0   0  0  1  0  0  5/13   12:22   0:00   0:00 
Evgeny Kuznetsov         1  0  1  -1  0   2  0  0  0  0  10/28  18:07   0:00   0:00 
Haydn Fleury             0  1  1  -2  0   0  0  0  0  0  0/0    20:30   2:26   2:07 
Henri Jokiharju          0  0  0   0  0   0  3  0  0  0  0/0    15:18   0:00   0:00 
Jake DeBrusk             0  0  0  -1  0   3  0  0  0  0  0/2    13:03   0:00   0:41 
Jeff Skinner             0  0  0   0  0   0  1  0  0  0  6/8     5:08   0:00   0:00 
Jordan Staal             1  0  1   1  0   5  4  0  0  0  20/26  20:38   1:41   2:30 
Kasperi Kapanen          0  0  0   1  0   3  0  0  0  0  0/0    17:58   2:17   0:00 
Kevin Fiala              0  0  0  -1  2   2  1  0  0  0  0/2    21:20   1:41   0:47 
Michael Bunting          0  0  0   1  0   4  1  0  0  0  1/1    15:41   0:00   0:00 
Morgan Rielly            0  1  1   1  0   1  0  1  0  0  0/0    24:12   1:32   1:51 
Nikolai Knyzhov          0  1  1   1  0   0  3  0  0  0  0/0    19:59   1:32   0:00 
Noah Hanifin             0  0  0  -2  0   0  0  4  0  0  0/0    22:52   2:26   2:07 
Pius Suter               0  0  0  -1  0   0  0  0  0  0  1/2    14:39   2:17   0:00 
Rocco Grimaldi           0  0  0   0  2   0  0  0  0  0  0/0     5:07   0:00   0:00 
Sam Bennett              0  1  1  -1  0   7  4  0  0  0  1/1    22:02   1:41   1:28 
Thomas Hickey            0  0  0   0  0   0  1  0  0  0  0/0    17:09   0:00   1:51 
Zach Parise              0  0  0   0  0   2  0  0  0  0  0/1     9:55   2:17   2:30 

3 Stars

1 - Alex Tuch (BAN)
2 - Nazem Kadri (BAN)
3 - Brady Tkachuk (BAN)

Power Play

BANFF WOLVES - 0 on 2 Attempt(s) - 0,00%
ANAHEIM OUTLAWS - 0 on 2 Attempt(s) - 0,00%

Penalty Kill

BANFF WOLVES - 2 on 2 Attempt(s) - 100,00% - Score 0 goal in Penalty Kill
ANAHEIM OUTLAWS - 2 on 2 Attempt(s) - 100,00% - Score 0 goal in Penalty Kill

Team Stat

BANFF WOLVES - Hits : 17 - Faceoff Wins : 40 - Blocked Shots : 9 - Penalty Minutes : 4
ANAHEIM OUTLAWS - Hits : 18 - Faceoff Wins : 44 - Blocked Shots : 6 - Penalty Minutes : 4

Official

Referees : Kenny Anderson and Kyle Rehman
Linesman : Ryan Gibbons and Ryan Daisy

Game Notes

No Game Note

Finance

Level 1 -- Attendance: 3924 (60,37%) -- Ticket Income 765 180 $
Level 2 -- Attendance: 3874 (70,44%) -- Ticket Income 503 620 $
Level 3 -- Attendance: 1822 (72,88%) -- Ticket Income 163 980 $
Level 4 -- Attendance: 3380 (67,60%) -- Ticket Income 253 500 $
Luxury Box -- Attendance: 552 (55,20%) -- Ticket Income 220 800 $
Game was played at the Bouch Garden.
Total Attendance: 13552 (66,11%)
Total Ticket Income: 1 907 080 $
Other Expense: 19 071 $
Total Income: 1 888 009 $

BANFF WOLVES

5 vs 5 Forward 
   Center                   Left Wing                Right Wing               Time % Phy DF OF 
 1 Nazem Kadri              Brady Tkachuk            Alex Tuch                30     1   2  2  
 2 Jack Eichel              Kevin Labanc             Mats Zuccarello          30     1   2  2  
 3 Nick Cousins             Phillip DiGiuseppe       Craig Smith              28     1   2  2  
 4 Tanner Kero              Joel Kiviranta           Logan O'Connor           12     1   2  2  

5 vs 5 Defense 
   Defense                  Defense                                           Time % Phy DF OF 
 1 Miro Heiskanen           Mathew Dumba                                      37     1   2  2  
 2 Ryan Suter               Esa Lindell                                       31     1   2  2  
 3 Brandon Carlo            Philippe Myers                                    27     1   2  2  
 4 Ryan Suter               Esa Lindell                                       5      1   2  2  

PowerPlay Forward 
   Center                   Left Wing                Right Wing               Time % Phy DF OF 
 1 Jack Eichel              Brady Tkachuk            Alex Tuch                55     1   2  2  
 2 Nazem Kadri              Kevin Labanc             Mats Zuccarello          45     1   2  2  

PowerPlay Defense
   Defense                  Defense                                           Time % Phy DF OF 
 1 Miro Heiskanen           Craig Smith                                       55     1   2  2  
 2 Ryan Suter               Mathew Dumba                                      45     1   2  2  

Penalty Kill 4 Players Forward 
   Center                   Wing                     Time % Phy DF OF 
 1 Nazem Kadri              Logan O'Connor           55     1   2  2  
 2 Mats Zuccarello          Craig Smith              45     1   2  2  

Penalty Kill 4 Players Defense
   Defense                  Defense                  Time % Phy DF OF 
 1 Mathew Dumba             Esa Lindell              55     1   2  2  
 2 Miro Heiskanen           Brandon Carlo            45     1   2  2  

Penalty Kill - 3 Players Forward 
   Forward                                           Time % Phy DF OF 
 1 Craig Smith                                       55     1   2  2  
 2 Logan O'Connor                                    45     1   2  2  

Penalty Kill - 3 Players Defense
   Defense                  Defense                  Time % Phy DF OF 
 1 Mathew Dumba             Esa Lindell              55     1   2  2  
 2 Miro Heiskanen           Brandon Carlo            45     1   2  2  

4 vs 4 Forward 
   Center                   Wing                     Time % Phy DF OF 
 1 Jack Eichel              Alex Tuch                55     1   2  2  
 2 Mats Zuccarello          Craig Smith              45     1   2  2  

4 vs 4 Defense
   Defense                  Defense                  Time % Phy DF OF 
 1 Miro Heiskanen           Esa Lindell              55     1   2  2  
 2 Ryan Suter               Mathew Dumba             45     1   2  2  

Last Minutes Offensive
   Center                   Left Wing                Right Wing               Defense                  Defense                  
   Nazem Kadri              Brady Tkachuk            Alex Tuch                Ryan Suter               Esa Lindell              

Last Minutes Defensive
   Center                   Left Wing                Right Wing               Defense                  Defense                  
   Nazem Kadri              Brady Tkachuk            Alex Tuch                Ryan Suter               Esa Lindell              

Goaltenders
Starting : Ilya Samsonov            
Backup : Jonathan Quick           

Extra Forwards
Normal : Alex Tuch, Jack Eichel, Nazem Kadri - PP : Alex Tuch, Craig Smith - PK : Alex Tuch
Extra Defensemen
Normal : Ryan Suter, Esa Lindell, Miro Heiskanen - PP : Ryan Suter - PK : Mathew Dumba, Esa Lindell
Penalty Shots
Alex Tuch, Nazem Kadri, Mats Zuccarello, Craig Smith, Jack Eichel
Custom OT Lines Forwards
Alex Tuch, Nazem Kadri, Mats Zuccarello, Craig Smith, Jack Eichel, Brady Tkachuk, Kevin Labanc, Nick Cousins, Joel Kiviranta, Logan O'Connor
Custom OT Lines Defensemen
Ryan Suter, Esa Lindell, Miro Heiskanen, Mathew Dumba, Brandon Carlo

Scratches
Roope Hintz (Bruised Left Foot Injury)

ANAHEIM OUTLAWS

5 vs 5 Forward 
   Center                   Left Wing                Right Wing               Time % Phy DF OF 
 1 Evgeny Kuznetsov         Kevin Fiala              Sam Bennett              36     1   2  2  
 2 Jordan Staal             Michael Bunting          Kasperi Kapanen          31     1   2  2  
 3 Adrian Kempe             Pius Suter               Jake DeBrusk             23     1   2  2  
 4 Jeff Skinner             Zach Parise              Rocco Grimaldi           10     1   2  2  

5 vs 5 Defense 
   Defense                  Defense                                           Time % Phy DF OF 
 1 Nikolai Knyzhov          Morgan Rielly                                     36     1   2  2  
 2 Noah Hanifin             Haydn Fleury                                      31     1   2  2  
 3 Thomas Hickey            Henri Jokiharju                                   23     1   2  2  
 4 Noah Hanifin             Morgan Rielly                                     10     1   2  2  

PowerPlay Forward 
   Center                   Left Wing                Right Wing               Time % Phy DF OF 
 1 Jordan Staal             Kevin Fiala              Sam Bennett              55     1   2  2  
 2 Pius Suter               Zach Parise              Kasperi Kapanen          45     1   2  2  

PowerPlay Defense
   Defense                  Defense                                           Time % Phy DF OF 
 1 Nikolai Knyzhov          Morgan Rielly                                     55     1   2  2  
 2 Noah Hanifin             Haydn Fleury                                      45     1   2  2  

Penalty Kill 4 Players Forward 
   Center                   Wing                     Time % Phy DF OF 
 1 Jordan Staal             Zach Parise              55     1   2  2  
 2 Kevin Fiala              Sam Bennett              45     1   2  2  

Penalty Kill 4 Players Defense
   Defense                  Defense                  Time % Phy DF OF 
 1 Thomas Hickey            Morgan Rielly            55     1   2  2  
 2 Noah Hanifin             Haydn Fleury             45     1   2  2  

Penalty Kill - 3 Players Forward 
   Forward                                           Time % Phy DF OF 
 1 Jordan Staal                                      55     1   2  2  
 2 Kevin Fiala                                       45     1   2  2  

Penalty Kill - 3 Players Defense
   Defense                  Defense                  Time % Phy DF OF 
 1 Thomas Hickey            Morgan Rielly            55     1   2  2  
 2 Noah Hanifin             Haydn Fleury             45     1   2  2  

4 vs 4 Forward 
   Center                   Wing                     Time % Phy DF OF 
 1 Jordan Staal             Adrian Kempe             55     1   2  2  
 2 Kevin Fiala              Sam Bennett              45     1   2  2  

4 vs 4 Defense
   Defense                  Defense                  Time % Phy DF OF 
 1 Nikolai Knyzhov          Morgan Rielly            55     1   2  2  
 2 Noah Hanifin             Haydn Fleury             45     1   2  2  

Last Minutes Offensive
   Center                   Left Wing                Right Wing               Defense                  Defense                  
   Jordan Staal             Kevin Fiala              Sam Bennett              Nikolai Knyzhov          Morgan Rielly            

Last Minutes Defensive
   Center                   Left Wing                Right Wing               Defense                  Defense                  
   Jordan Staal             Kevin Fiala              Sam Bennett              Nikolai Knyzhov          Morgan Rielly            

Goaltenders
Starting : Robin Lehner             
Backup : Tuukka Rask              

Extra Forwards
Normal : Adrian Kempe, Pius Suter, Jake DeBrusk - PP : Adrian Kempe, Pius Suter - PK : Jake DeBrusk
Extra Defensemen
Normal : Thomas Hickey, Morgan Rielly, Noah Hanifin - PP : Thomas Hickey - PK : Morgan Rielly, Noah Hanifin
Penalty Shots
Jordan Staal, Jake DeBrusk, Kevin Fiala, Sam Bennett, Zach Parise
Custom OT Lines Forwards
Jordan Staal, Evgeny Kuznetsov, Kevin Fiala, Sam Bennett, Zach Parise, Kasperi Kapanen, Adrian Kempe, Pius Suter, Jake DeBrusk, Jeff Skinner
Custom OT Lines Defensemen
Henri Jokiharju, Morgan Rielly, Noah Hanifin, Haydn Fleury, Thomas Hickey

Scratches
Justin Faulk (Right Eye Injury), Mackenzie Blackwood (Healthy)

% Time on Ice - BANFF WOLVES

Lines # - Real PCT - Wanted PCT - Time Play
Normal Forward
1 - 30% - 30% - 15:28
2 - 31% - 30% - 15:50
3 - 29% - 28% - 14:40
4 - 10% - 12% - 5:20
Normal Defense
1 - 35% - 37% - 17:49
2 - 32% - 31% - 16:31
3 - 31% - 27% - 16:04
4 - 2% - 5% - 0:54
PP Forward
1 - 66% - 55% - 2:36
2 - 34% - 45% - 1:22
PP Defense
1 - 46% - 55% - 1:50
2 - 54% - 45% - 2:08
PK Forward
1 - 61% - 55% - 2:26
2 - 39% - 45% - 1:32
PK Defense
1 - 91% - 55% - 3:36
2 - 9% - 45% - 0:22
PK3 Forward
1 - 0% - 55%
2 - 0% - 45%
PK3 Defense
1 - 0% - 55%
2 - 0% - 45%
44 Forward
1 - 0% - 55%
2 - 0% - 45%
44 Defense
1 - 0% - 55%
2 - 0% - 45%
Last Minute Offensive  - 0:00
Last Minute Defensive  - 0:46
Total
Forward - 60:00
Defense - 60:00

% Time on Ice - ANAHEIM OUTLAWS

Lines # - Real PCT - Wanted PCT - Time Play
Normal Forward
1 - 35% - 36% - 18:07
2 - 31% - 31% - 15:41
3 - 24% - 23% - 12:22
4 - 10% - 10% - 5:08
Normal Defense
1 - 34% - 36% - 17:41
2 - 31% - 31% - 15:57
3 - 30% - 23% - 15:18
4 - 5% - 10% - 2:22
PP Forward
1 - 42% - 55% - 1:41
2 - 58% - 45% - 2:17
PP Defense
1 - 39% - 55% - 1:32
2 - 61% - 45% - 2:26
PK Forward
1 - 63% - 55% - 2:30
2 - 37% - 45% - 1:28
PK Defense
1 - 47% - 55% - 1:51
2 - 53% - 45% - 2:07
PK3 Forward
1 - 0% - 55%
2 - 0% - 45%
PK3 Defense
1 - 0% - 55%
2 - 0% - 45%
44 Forward
1 - 0% - 55%
2 - 0% - 45%
44 Defense
1 - 0% - 55%
2 - 0% - 45%
Last Minute Offensive  - 0:46
Last Minute Defensive  - 0:00
Total
Forward - 60:00
Defense - 60:00

Play-by-Play

1st period


0:01 of 1st period - Nazem Kadri wins face-off versus Evgeny Kuznetsov in neutral zone.
0:22 of 1st period - Mathew Dumba is hit by Sam Bennett and loses puck.
0:35 of 1st period - Shot by Sam Bennett.
0:35 of 1st period - Stopped by Ilya Samsonov without a rebound.
0:36 of 1st period - Jordan Staal wins face-off versus Jack Eichel in BANFF WOLVES zone.
2:05 of 1st period - Pius Suter is hit by Philippe Myers and loses puck.
2:13 of 1st period - Jake DeBrusk is hit by Brandon Carlo and loses puck.
2:38 of 1st period - Icing by Craig Smith.
2:39 of 1st period - Nick Cousins wins face-off versus Jeff Skinner in BANFF WOLVES zone.
2:39 of 1st period - Nick Cousins is hit by Jeff Skinner.
2:40 of 1st period - Minor Penalty to Rocco Grimaldi for Cross-checking.
2:41 of 1st period - Jordan Staal wins face-off versus Jack Eichel in ANAHEIM OUTLAWS zone.
2:54 of 1st period - Shot by Alex Tuch.
2:54 of 1st period - Shot Misses the Net.
3:08 of 1st period - Shot by Brady Tkachuk.
3:08 of 1st period - Stopped by Robin Lehner without a rebound.
3:09 of 1st period - Jordan Staal wins face-off versus Nazem Kadri in ANAHEIM OUTLAWS zone.
3:28 of 1st period - Shot by Nazem Kadri.
3:28 of 1st period - Shot Blocked by Noah Hanifin.
3:30 of 1st period - Shot by Craig Smith.
3:30 of 1st period - Shot Blocked by Noah Hanifin.
4:54 of 1st period - Shot by Logan O'Connor.
4:54 of 1st period - Stopped by Robin Lehner without a rebound.
4:55 of 1st period - Jordan Staal wins face-off versus Tanner Kero in ANAHEIM OUTLAWS zone.
5:52 of 1st period - Shot by Jake DeBrusk.
5:52 of 1st period - Shot Misses the Net.
6:50 of 1st period - Shot by Brady Tkachuk.
6:50 of 1st period - Shot Misses the Net.
6:52 of 1st period - Shot by Nazem Kadri.
6:52 of 1st period - Shot Misses the Net.
6:54 of 1st period - Shot by Alex Tuch.
6:54 of 1st period - Stopped by Robin Lehner without a rebound.
6:55 of 1st period - Evgeny Kuznetsov wins face-off versus Nick Cousins in ANAHEIM OUTLAWS zone.
7:10 of 1st period - Shot by Craig Smith.
7:10 of 1st period - Stopped by Robin Lehner without a rebound.
7:11 of 1st period - Jeff Skinner wins face-off versus Nazem Kadri in ANAHEIM OUTLAWS zone.
7:18 of 1st period - Shot by Zach Parise.
7:18 of 1st period - Stopped by Ilya Samsonov without a rebound.
7:19 of 1st period - Nazem Kadri wins face-off versus Evgeny Kuznetsov in BANFF WOLVES zone.
7:19 of 1st period - Nazem Kadri is hit by Kevin Fiala.
7:27 of 1st period - Shot by Nazem Kadri.
7:27 of 1st period - Stopped by Robin Lehner without a rebound.
7:28 of 1st period - Nazem Kadri wins face-off versus Evgeny Kuznetsov in ANAHEIM OUTLAWS zone.
7:37 of 1st period - Shot by Brady Tkachuk.
7:37 of 1st period - Deflect By Alex Tuch.
7:37 of 1st period - Goal by Alex Tuch - BANFF WOLVES : 1 - ANAHEIM OUTLAWS : 0.
7:38 of 1st period - Nazem Kadri wins face-off versus Jordan Staal in neutral zone.
7:58 of 1st period - Shot by Brady Tkachuk.
7:58 of 1st period - Stopped by Robin Lehner without a rebound.
7:59 of 1st period - Evgeny Kuznetsov wins face-off versus Nick Cousins in ANAHEIM OUTLAWS zone.
8:11 of 1st period - Shot by Evgeny Kuznetsov.
8:11 of 1st period - Goal by Evgeny Kuznetsov - BANFF WOLVES : 1 - ANAHEIM OUTLAWS : 1.
8:12 of 1st period - Jeff Skinner wins face-off versus Nazem Kadri in neutral zone.
8:30 of 1st period - Off-side.
8:31 of 1st period - Jack Eichel wins face-off versus Evgeny Kuznetsov in neutral zone.
8:56 of 1st period - Shot by Sam Bennett.
8:56 of 1st period - Stopped by Ilya Samsonov without a rebound.
8:57 of 1st period - Jordan Staal wins face-off versus Phillip DiGiuseppe in BANFF WOLVES zone.
9:12 of 1st period - Mathew Dumba is hit by Jordan Staal.
9:39 of 1st period - Shot by Jordan Staal.
9:39 of 1st period - Stopped by Ilya Samsonov without a rebound.
9:40 of 1st period - Nazem Kadri wins face-off versus Evgeny Kuznetsov in BANFF WOLVES zone.
9:52 of 1st period - Icing by Noah Hanifin.
9:53 of 1st period - Evgeny Kuznetsov wins face-off versus Jack Eichel in ANAHEIM OUTLAWS zone.
10:08 of 1st period - Shot by Kevin Fiala.
10:08 of 1st period - Shot Blocked by Philippe Myers.
10:21 of 1st period - Evgeny Kuznetsov is hit by Brandon Carlo.
10:28 of 1st period - Icing by Philippe Myers.
10:29 of 1st period - Jack Eichel wins face-off versus Jeff Skinner in BANFF WOLVES zone.
11:19 of 1st period - Off-side.
11:20 of 1st period - Michael Bunting wins face-off versus Nick Cousins in neutral zone.
11:23 of 1st period - Shot by Jordan Staal.
11:23 of 1st period - Shot Blocked by Craig Smith.
11:25 of 1st period - Shot by Jordan Staal.
11:25 of 1st period - Stopped by Ilya Samsonov without a rebound.
11:26 of 1st period - Nick Cousins wins face-off versus Evgeny Kuznetsov in BANFF WOLVES zone.
11:33 of 1st period - Shot by Evgeny Kuznetsov.
11:33 of 1st period - Stopped by Ilya Samsonov without a rebound.
11:34 of 1st period - Nazem Kadri wins face-off versus Evgeny Kuznetsov in BANFF WOLVES zone.
12:11 of 1st period - Shot by Sam Bennett.
12:11 of 1st period - Stopped by Ilya Samsonov without a rebound.
12:12 of 1st period - Jordan Staal wins face-off versus Nick Cousins in BANFF WOLVES zone.
12:15 of 1st period - Shot by Kasperi Kapanen.
12:15 of 1st period - Stopped by Ilya Samsonov with a rebound.
12:35 of 1st period - Shot by Craig Smith.
12:35 of 1st period - Stopped by Robin Lehner without a rebound.
12:36 of 1st period - Jack Eichel wins face-off versus Adrian Kempe in ANAHEIM OUTLAWS zone.
13:00 of 1st period - Shot by Mats Zuccarello.
13:00 of 1st period - Stopped by Robin Lehner with a rebound.
13:02 of 1st period - Shot by Mats Zuccarello.
13:02 of 1st period - Shot Misses the Net.
13:04 of 1st period - Shot by Mats Zuccarello.
13:04 of 1st period - Stopped by Robin Lehner with a rebound.
13:06 of 1st period - Shot by Jack Eichel.
13:06 of 1st period - Shot Misses the Net.
13:30 of 1st period - Shot by Nazem Kadri.
13:30 of 1st period - Stopped by Robin Lehner with a rebound.
13:46 of 1st period - Shot by Alex Tuch.
13:46 of 1st period - Stopped by Robin Lehner without a rebound.
13:47 of 1st period - Evgeny Kuznetsov wins face-off versus Nick Cousins in ANAHEIM OUTLAWS zone.
15:38 of 1st period - Shot by Michael Bunting.
15:38 of 1st period - Shot Misses the Net.
15:47 of 1st period - Icing by Mathew Dumba.
15:48 of 1st period - Jeff Skinner wins face-off versus Nazem Kadri in BANFF WOLVES zone.
16:12 of 1st period - Icing by Mathew Dumba.
16:13 of 1st period - Nazem Kadri wins face-off versus Adrian Kempe in BANFF WOLVES zone.
16:48 of 1st period - Shot by Tanner Kero.
16:48 of 1st period - Shot Misses the Net.
16:50 of 1st period - Shot by Logan O'Connor.
16:50 of 1st period - Shot Misses the Net.
17:12 of 1st period - Icing by Morgan Rielly.
17:13 of 1st period - Mats Zuccarello wins face-off versus Adrian Kempe in ANAHEIM OUTLAWS zone.
17:28 of 1st period - Shot by Jack Eichel.
17:28 of 1st period - Shot Misses the Net.
17:32 of 1st period - Shot by Jack Eichel.
17:32 of 1st period - Shot Misses the Net.
17:34 of 1st period - Shot by Brandon Carlo.
17:34 of 1st period - Shot Misses the Net.
17:36 of 1st period - Shot by Mats Zuccarello.
17:36 of 1st period - Shot Misses the Net.
17:38 of 1st period - Shot by Jack Eichel.
17:38 of 1st period - Shot Blocked by Noah Hanifin.
17:40 of 1st period - Shot by Kevin Labanc.
17:40 of 1st period - Stopped by Robin Lehner with a rebound.
17:42 of 1st period - Shot by Jack Eichel.
17:42 of 1st period - Stopped by Robin Lehner without a rebound.
17:43 of 1st period - Craig Smith wins face-off versus Evgeny Kuznetsov in ANAHEIM OUTLAWS zone.
17:43 of 1st period - Nick Cousins is hit by Henri Jokiharju and loses puck.
18:31 of 1st period - Ryan Suter is hit by Thomas Hickey and loses puck.
18:39 of 1st period - Icing by Kevin Fiala.
18:40 of 1st period - Evgeny Kuznetsov wins face-off versus Jack Eichel in ANAHEIM OUTLAWS zone.
19:11 of 1st period - Off-side.
19:12 of 1st period - Jeff Skinner wins face-off versus Tanner Kero in neutral zone.
19:46 of 1st period - Shot by Jeff Skinner.
19:46 of 1st period - Shot Misses the Net.
Goals for this period are 1 for BANFF WOLVES vs 1 for ANAHEIM OUTLAWS.
Shots for this period are 14 for BANFF WOLVES vs 9 for ANAHEIM OUTLAWS.

2nd period


0:01 of 2nd period - Jordan Staal wins face-off versus Nick Cousins in neutral zone.
0:42 of 2nd period - Jordan Staal is hit by Esa Lindell and loses puck.
0:48 of 2nd period - Ryan Suter is hit by Jordan Staal and loses puck.
1:07 of 2nd period - Shot by Jack Eichel.
1:07 of 2nd period - Stopped by Robin Lehner without a rebound.
1:08 of 2nd period - Nazem Kadri wins face-off versus Evgeny Kuznetsov in ANAHEIM OUTLAWS zone.
1:33 of 2nd period - Shot by Alex Tuch.
1:33 of 2nd period - Stopped by Robin Lehner with a rebound.
2:20 of 2nd period - Shot by Jack Eichel.
2:20 of 2nd period - Stopped by Robin Lehner without a rebound.
2:21 of 2nd period - Adrian Kempe wins face-off versus Tanner Kero in ANAHEIM OUTLAWS zone.
2:21 of 2nd period - Adrian Kempe is hit by Joel Kiviranta.
2:33 of 2nd period - Icing by Esa Lindell.
2:34 of 2nd period - Jordan Staal wins face-off versus Logan O'Connor in BANFF WOLVES zone.
2:57 of 2nd period - Nikolai Knyzhov is hit by Esa Lindell and loses puck.
3:04 of 2nd period - Shot by Jordan Staal.
3:04 of 2nd period - Goal by Jordan Staal - BANFF WOLVES : 1 - ANAHEIM OUTLAWS : 2.
3:05 of 2nd period - Adrian Kempe wins face-off versus Jack Eichel in neutral zone.
4:09 of 2nd period - Shot by Craig Smith.
4:09 of 2nd period - Stopped by Robin Lehner without a rebound.
4:10 of 2nd period - Evgeny Kuznetsov wins face-off versus Nazem Kadri in ANAHEIM OUTLAWS zone.
4:10 of 2nd period - Sam Bennett is hit by Brady Tkachuk and loses puck.
4:23 of 2nd period - Brandon Carlo is hit by Sam Bennett and loses puck.
4:33 of 2nd period - Kevin Fiala is hit by Brandon Carlo and loses puck.
4:42 of 2nd period - Shot by Sam Bennett.
4:42 of 2nd period - Shot Misses the Net.
5:10 of 2nd period - Shot by Michael Bunting.
5:10 of 2nd period - Deflect By Jordan Staal.
5:10 of 2nd period - Shot Blocked by Brady Tkachuk.
5:18 of 2nd period - Shot by Jordan Staal.
5:18 of 2nd period - Shot Blocked by Philippe Myers.
5:38 of 2nd period - Craig Smith is hit by Nikolai Knyzhov.
5:45 of 2nd period - Icing by Ryan Suter.
5:46 of 2nd period - Jeff Skinner wins face-off versus Nick Cousins in BANFF WOLVES zone.
6:25 of 2nd period - Off-side.
6:26 of 2nd period - Evgeny Kuznetsov wins face-off versus Jack Eichel in neutral zone.
6:34 of 2nd period - Minor Penalty to Mathew Dumba for Roughing.
6:35 of 2nd period - Nazem Kadri wins face-off versus Jordan Staal in BANFF WOLVES zone.
6:35 of 2nd period - Logan O'Connor is hit by Sam Bennett and loses puck.
6:47 of 2nd period - Off-side.
6:48 of 2nd period - Nazem Kadri wins face-off versus Pius Suter in neutral zone.
7:46 of 2nd period - Shot by Nazem Kadri.
7:46 of 2nd period - Shot Blocked by Noah Hanifin.
7:48 of 2nd period - Shot by Nazem Kadri.
7:48 of 2nd period - Shot Misses the Net.
7:55 of 2nd period - Icing by Haydn Fleury.
7:56 of 2nd period - Pius Suter wins face-off versus Mats Zuccarello in ANAHEIM OUTLAWS zone.
7:56 of 2nd period - Zach Parise is hit by Mats Zuccarello and loses puck.
8:30 of 2nd period - Icing by Nikolai Knyzhov.
8:31 of 2nd period - Nazem Kadri wins face-off versus Jordan Staal in ANAHEIM OUTLAWS zone.
8:54 of 2nd period - Shot by Kevin Fiala.
8:54 of 2nd period - Stopped by Ilya Samsonov without a rebound.
8:55 of 2nd period - Adrian Kempe wins face-off versus Nick Cousins in BANFF WOLVES zone.
8:55 of 2nd period - Adrian Kempe is hit by Mathew Dumba.
8:59 of 2nd period - Shot by Morgan Rielly.
8:59 of 2nd period - Shot Blocked by Mathew Dumba.
9:21 of 2nd period - Shot by Phillip DiGiuseppe.
9:21 of 2nd period - Stopped by Robin Lehner without a rebound.
9:22 of 2nd period - Evgeny Kuznetsov wins face-off versus Jack Eichel in ANAHEIM OUTLAWS zone.
10:00 of 2nd period - Shot by Evgeny Kuznetsov.
10:00 of 2nd period - Shot Misses the Net.
10:02 of 2nd period - Shot by Evgeny Kuznetsov.
10:02 of 2nd period - Shot Misses the Net.
10:22 of 2nd period - Shot by Kasperi Kapanen.
10:22 of 2nd period - Shot Misses the Net.
10:30 of 2nd period - Shot by Kasperi Kapanen.
10:30 of 2nd period - Stopped by Ilya Samsonov without a rebound.
10:31 of 2nd period - Jeff Skinner wins face-off versus Nazem Kadri in BANFF WOLVES zone.
10:56 of 2nd period - Icing by Alex Tuch.
10:57 of 2nd period - Jordan Staal wins face-off versus Nazem Kadri in BANFF WOLVES zone.
11:08 of 2nd period - Shot by Michael Bunting.
11:08 of 2nd period - Shot Misses the Net.
11:10 of 2nd period - Shot by Kasperi Kapanen.
11:10 of 2nd period - Stopped by Ilya Samsonov without a rebound.
11:11 of 2nd period - Evgeny Kuznetsov wins face-off versus Phillip DiGiuseppe in BANFF WOLVES zone.
11:19 of 2nd period - Minor Penalty to Kevin Fiala for Hooking.
11:20 of 2nd period - Jordan Staal wins face-off versus Jack Eichel in ANAHEIM OUTLAWS zone.
12:12 of 2nd period - Icing by Craig Smith.
12:13 of 2nd period - Jack Eichel wins face-off versus Jake DeBrusk in BANFF WOLVES zone.
12:39 of 2nd period - Morgan Rielly is hit by Kevin Labanc and loses puck.
12:48 of 2nd period - Shot by Mats Zuccarello.
12:48 of 2nd period - Stopped by Robin Lehner with a rebound.
12:50 of 2nd period - Shot by Nazem Kadri.
12:50 of 2nd period - Shot Blocked by Morgan Rielly.
12:52 of 2nd period - Shot by Mathew Dumba.
12:52 of 2nd period - Stopped by Robin Lehner without a rebound.
12:53 of 2nd period - Nazem Kadri wins face-off versus Jake DeBrusk in ANAHEIM OUTLAWS zone.
12:59 of 2nd period - Shot by Mathew Dumba.
12:59 of 2nd period - Stopped by Robin Lehner with a rebound.
13:01 of 2nd period - Shot by Ryan Suter.
13:01 of 2nd period - Stopped by Robin Lehner without a rebound.
13:02 of 2nd period - Sam Bennett wins face-off versus Jack Eichel in ANAHEIM OUTLAWS zone.
13:26 of 2nd period - Shot by Logan O'Connor.
13:26 of 2nd period - Deflect By Joel Kiviranta.
13:26 of 2nd period - Stopped by Robin Lehner without a rebound.
13:27 of 2nd period - Nick Cousins wins face-off versus Evgeny Kuznetsov in ANAHEIM OUTLAWS zone.
13:42 of 2nd period - Shot by Sam Bennett.
13:42 of 2nd period - Stopped by Ilya Samsonov with a rebound.
13:55 of 2nd period - Icing by Philippe Myers.
13:56 of 2nd period - Jordan Staal wins face-off versus Nick Cousins in BANFF WOLVES zone.
14:13 of 2nd period - Philippe Myers is hit by Jordan Staal and loses puck.
14:35 of 2nd period - Kasperi Kapanen is hit by Brandon Carlo and loses puck.
15:11 of 2nd period - Off-side.
15:12 of 2nd period - Nazem Kadri wins face-off versus Adrian Kempe in neutral zone.
15:15 of 2nd period - Shot by Alex Tuch.
15:15 of 2nd period - Shot Blocked by Adrian Kempe.
15:18 of 2nd period - Icing by Henri Jokiharju.
15:19 of 2nd period - Jack Eichel wins face-off versus Adrian Kempe in ANAHEIM OUTLAWS zone.
15:32 of 2nd period - Shot by Kevin Labanc.
15:32 of 2nd period - Stopped by Robin Lehner without a rebound.
15:33 of 2nd period - Jordan Staal wins face-off versus Brady Tkachuk in ANAHEIM OUTLAWS zone.
15:33 of 2nd period - Jordan Staal is hit by Brady Tkachuk.
15:42 of 2nd period - Kasperi Kapanen is hit by Ryan Suter and loses puck.
15:46 of 2nd period - Minor Penalty to Esa Lindell for Hooking.
15:47 of 2nd period - Nazem Kadri wins face-off versus Kevin Fiala in BANFF WOLVES zone.
17:23 of 2nd period - Shot by Zach Parise.
17:23 of 2nd period - Stopped by Ilya Samsonov without a rebound.
17:24 of 2nd period - Nazem Kadri wins face-off versus Zach Parise in BANFF WOLVES zone.
17:54 of 2nd period - Shot by Adrian Kempe.
17:54 of 2nd period - Shot Blocked by Ryan Suter.
18:05 of 2nd period - Icing by Henri Jokiharju.
18:06 of 2nd period - Adrian Kempe wins face-off versus Tanner Kero in ANAHEIM OUTLAWS zone.
18:13 of 2nd period - Shot by Adrian Kempe.
18:13 of 2nd period - Deflect By Jake DeBrusk.
18:13 of 2nd period - Shot Blocked by Philippe Myers.
18:15 of 2nd period - Shot by Jake DeBrusk.
18:15 of 2nd period - Stopped by Ilya Samsonov without a rebound.
18:16 of 2nd period - Jack Eichel wins face-off versus Evgeny Kuznetsov in BANFF WOLVES zone.
19:17 of 2nd period - Shot by Alex Tuch.
19:17 of 2nd period - Shot Misses the Net.
19:49 of 2nd period - Shot by Michael Bunting.
19:49 of 2nd period - Stopped by Ilya Samsonov without a rebound.
19:50 of 2nd period - Nick Cousins wins face-off versus Adrian Kempe in BANFF WOLVES zone.
19:55 of 2nd period - Shot by Phillip DiGiuseppe.
19:55 of 2nd period - Stopped by Robin Lehner without a rebound.
19:56 of 2nd period - Jordan Staal wins face-off versus Nick Cousins in ANAHEIM OUTLAWS zone.
Goals for this period are 0 for BANFF WOLVES vs 1 for ANAHEIM OUTLAWS.
Shots for this period are 12 for BANFF WOLVES vs 8 for ANAHEIM OUTLAWS.

3rd period


0:01 of 3rd period - Jordan Staal wins face-off versus Nazem Kadri in neutral zone.
0:12 of 3rd period - Shot by Michael Bunting.
0:12 of 3rd period - Shot Misses the Net.
0:14 of 3rd period - Shot by Michael Bunting.
0:14 of 3rd period - Stopped by Ilya Samsonov with a rebound.
0:18 of 3rd period - Shot by Michael Bunting.
0:18 of 3rd period - Stopped by Ilya Samsonov with a rebound.
0:20 of 3rd period - Shot by Michael Bunting.
0:20 of 3rd period - Shot Hit the Post.
0:22 of 3rd period - Shot by Jordan Staal.
0:22 of 3rd period - Shot Blocked by Mathew Dumba.
0:24 of 3rd period - Shot by Morgan Rielly.
0:24 of 3rd period - Stopped by Ilya Samsonov without a rebound.
0:25 of 3rd period - Jack Eichel wins face-off versus Evgeny Kuznetsov in BANFF WOLVES zone.
0:54 of 3rd period - Shot by Sam Bennett.
0:54 of 3rd period - Stopped by Ilya Samsonov with a rebound.
1:06 of 3rd period - Haydn Fleury is hit by Kevin Labanc and loses puck.
2:00 of 3rd period - Nazem Kadri is hit by Jordan Staal and loses puck.
4:13 of 3rd period - Shot by Jack Eichel.
4:13 of 3rd period - Stopped by Robin Lehner without a rebound.
4:14 of 3rd period - Nazem Kadri wins face-off versus Evgeny Kuznetsov in ANAHEIM OUTLAWS zone.
4:27 of 3rd period - Shot by Evgeny Kuznetsov.
4:27 of 3rd period - Deflect By Kevin Fiala.
4:27 of 3rd period - Stopped by Ilya Samsonov without a rebound.
4:28 of 3rd period - Jordan Staal wins face-off versus Nick Cousins in BANFF WOLVES zone.
4:31 of 3rd period - Shot by Michael Bunting.
4:31 of 3rd period - Shot Misses the Net.
5:31 of 3rd period - Icing by Nazem Kadri.
5:32 of 3rd period - Nazem Kadri wins face-off versus Evgeny Kuznetsov in BANFF WOLVES zone.
5:32 of 3rd period - Nazem Kadri is hit by Sam Bennett.
5:41 of 3rd period - Nazem Kadri is hit by Nikolai Knyzhov.
5:56 of 3rd period - Icing by Morgan Rielly.
5:57 of 3rd period - Jack Eichel wins face-off versus Evgeny Kuznetsov in ANAHEIM OUTLAWS zone.
6:04 of 3rd period - Shot by Mats Zuccarello.
6:04 of 3rd period - Shot Hit the Post.
6:06 of 3rd period - Shot by Philippe Myers.
6:06 of 3rd period - Shot Misses the Net.
6:08 of 3rd period - Shot by Brandon Carlo.
6:08 of 3rd period - Stopped by Robin Lehner without a rebound.
6:09 of 3rd period - Tanner Kero wins face-off versus Adrian Kempe in ANAHEIM OUTLAWS zone.
6:16 of 3rd period - Shot by Logan O'Connor.
6:16 of 3rd period - Shot Misses the Net.
6:58 of 3rd period - Shot by Mats Zuccarello.
6:58 of 3rd period - Deflect By Jack Eichel.
6:58 of 3rd period - Stopped by Robin Lehner without a rebound.
6:59 of 3rd period - Jack Eichel wins face-off versus Evgeny Kuznetsov in ANAHEIM OUTLAWS zone.
6:59 of 3rd period - Jack Eichel is hit by Nikolai Knyzhov.
7:03 of 3rd period - Shot by Jack Eichel.
7:03 of 3rd period - Stopped by Robin Lehner without a rebound.
7:04 of 3rd period - Evgeny Kuznetsov wins face-off versus Jack Eichel in ANAHEIM OUTLAWS zone.
7:27 of 3rd period - Shot by Mats Zuccarello.
7:27 of 3rd period - Deflect By Jack Eichel.
7:27 of 3rd period - Shot Misses the Net.
8:32 of 3rd period - Nazem Kadri is hit by Henri Jokiharju and loses puck.
9:15 of 3rd period - Shot by Pius Suter.
9:15 of 3rd period - Shot Misses the Net.
9:17 of 3rd period - Shot by Adrian Kempe.
9:17 of 3rd period - Shot Misses the Net.
9:19 of 3rd period - Shot by Jake DeBrusk.
9:19 of 3rd period - Stopped by Ilya Samsonov with a rebound.
9:23 of 3rd period - Shot by Jake DeBrusk.
9:23 of 3rd period - Shot Misses the Net.
9:34 of 3rd period - Jake DeBrusk is hit by Brandon Carlo and loses puck.
10:06 of 3rd period - Zach Parise is hit by Esa Lindell and loses puck.
10:33 of 3rd period - Shot by Jordan Staal.
10:33 of 3rd period - Deflect By Michael Bunting.
10:33 of 3rd period - Shot Misses the Net.
10:39 of 3rd period - Shot by Michael Bunting.
10:39 of 3rd period - Shot Misses the Net.
10:41 of 3rd period - Shot by Jordan Staal.
10:41 of 3rd period - Stopped by Ilya Samsonov without a rebound.
10:42 of 3rd period - Nazem Kadri wins face-off versus Evgeny Kuznetsov in BANFF WOLVES zone.
11:16 of 3rd period - Shot by Brady Tkachuk.
11:16 of 3rd period - Stopped by Robin Lehner with a rebound.
11:24 of 3rd period - Shot by Nazem Kadri.
11:24 of 3rd period - Shot Misses the Net.
11:26 of 3rd period - Shot by Nazem Kadri.
11:26 of 3rd period - Shot Misses the Net.
11:28 of 3rd period - Shot by Alex Tuch.
11:28 of 3rd period - Goal by Alex Tuch - BANFF WOLVES : 2 - ANAHEIM OUTLAWS : 2.
11:29 of 3rd period - Jordan Staal wins face-off versus Tanner Kero in neutral zone.
11:39 of 3rd period - Shot by Logan O'Connor.
11:39 of 3rd period - Stopped by Robin Lehner without a rebound.
11:40 of 3rd period - Jack Eichel wins face-off versus Adrian Kempe in ANAHEIM OUTLAWS zone.
11:51 of 3rd period - Shot by Adrian Kempe.
11:51 of 3rd period - Deflect By Jake DeBrusk.
11:51 of 3rd period - Stopped by Ilya Samsonov without a rebound.
11:52 of 3rd period - Jordan Staal wins face-off versus Nick Cousins in BANFF WOLVES zone.
13:06 of 3rd period - Icing by Henri Jokiharju.
13:07 of 3rd period - Jordan Staal wins face-off versus Jack Eichel in ANAHEIM OUTLAWS zone.
14:10 of 3rd period - Shot by Brady Tkachuk.
14:10 of 3rd period - Stopped by Robin Lehner without a rebound.
14:11 of 3rd period - Adrian Kempe wins face-off versus Phillip DiGiuseppe in ANAHEIM OUTLAWS zone.
15:31 of 3rd period - Shot by Brady Tkachuk.
15:31 of 3rd period - Deflect By Nazem Kadri.
15:31 of 3rd period - Stopped by Robin Lehner without a rebound.
15:32 of 3rd period - Jack Eichel wins face-off versus Jordan Staal in ANAHEIM OUTLAWS zone.
15:37 of 3rd period - Shot by Mats Zuccarello.
15:37 of 3rd period - Stopped by Robin Lehner without a rebound.
15:38 of 3rd period - Jack Eichel wins face-off versus Evgeny Kuznetsov in ANAHEIM OUTLAWS zone.
15:40 of 3rd period - Kevin Labanc is hit by Henri Jokiharju and loses puck.
16:14 of 3rd period - Shot by Kevin Fiala.
16:14 of 3rd period - Shot Misses the Net.
16:16 of 3rd period - Shot by Sam Bennett.
16:16 of 3rd period - Shot Misses the Net.
16:18 of 3rd period - Shot by Sam Bennett.
16:18 of 3rd period - Stopped by Ilya Samsonov without a rebound.
16:19 of 3rd period - Jordan Staal wins face-off versus Nick Cousins in BANFF WOLVES zone.
16:20 of 3rd period - Shot by Kasperi Kapanen.
16:20 of 3rd period - Shot Misses the Net.
17:11 of 3rd period - Ryan Suter is hit by Michael Bunting and loses puck.
17:17 of 3rd period - Off-side.
17:18 of 3rd period - Jack Eichel wins face-off versus Kevin Fiala in neutral zone.
17:23 of 3rd period - Shot by Mats Zuccarello.
17:23 of 3rd period - Stopped by Robin Lehner with a rebound.
17:25 of 3rd period - Shot by Kevin Labanc.
17:25 of 3rd period - Shot Misses the Net.
17:27 of 3rd period - Shot by Jack Eichel.
17:27 of 3rd period - Shot Misses the Net.
18:29 of 3rd period - Shot by Nazem Kadri.
18:29 of 3rd period - Stopped by Robin Lehner with a rebound.
18:43 of 3rd period - Shot by Alex Tuch.
18:43 of 3rd period - Stopped by Robin Lehner with a rebound.
18:45 of 3rd period - Shot by Nazem Kadri.
18:45 of 3rd period - Deflect By Brady Tkachuk.
18:45 of 3rd period - Shot Misses the Net.
18:53 of 3rd period - Shot by Brady Tkachuk.
18:53 of 3rd period - Deflect By Nazem Kadri.
18:53 of 3rd period - Goal by Nazem Kadri - BANFF WOLVES : 3 - ANAHEIM OUTLAWS : 2.
18:54 of 3rd period - Nick Cousins wins face-off versus Jordan Staal in neutral zone.
19:07 of 3rd period - ANAHEIM OUTLAWS, Robin Lehner is pulled from the net.
19:13 of 3rd period - Shot by Michael Bunting.
19:13 of 3rd period - Stopped by Ilya Samsonov without a rebound.
19:14 of 3rd period - Nazem Kadri wins face-off versus Jordan Staal in BANFF WOLVES zone.
19:25 of 3rd period - Shot by Jordan Staal.
19:25 of 3rd period - Stopped by Ilya Samsonov without a rebound.
19:26 of 3rd period - Jordan Staal wins face-off versus Nazem Kadri in BANFF WOLVES zone.
19:30 of 3rd period - Shot by Sam Bennett.
19:30 of 3rd period - Stopped by Ilya Samsonov with a rebound.
19:38 of 3rd period - Shot by Kevin Fiala.
19:38 of 3rd period - Shot Misses the Net.
19:40 of 3rd period - Shot by Morgan Rielly.
19:40 of 3rd period - Shot Misses the Net.
19:42 of 3rd period - Shot by Kevin Fiala.
19:42 of 3rd period - Shot Blocked by Esa Lindell.
19:44 of 3rd period - Shot by Jordan Staal.
19:44 of 3rd period - Shot Misses the Net.
Goals for this period are 2 for BANFF WOLVES vs 0 for ANAHEIM OUTLAWS.
Shots for this period are 14 for BANFF WOLVES vs 12 for ANAHEIM OUTLAWS.


AUSTON
MATTHEWS
JOEL
ERIKSSON
MATHEW
BARZAL

EAST COAST

HOCKEY LEAGUE

  • 21.PIT7MAN3
  • 22.ATL3NHW4
  • 23.WOR5PET4
  • 24.3RHI4
  • 25.QUECHI
  • 26.CHALIM
  • 27.TRVLON
  • 28.CHWBAL